 Dungeon Crawl Stone Soup version 0.25-a0-701-gb30f108f01 (webtiles) character file.

Game seed: 11971092156582092848, levelgen mode: deterministic

528446 Armakuni the Warrior (level 24, -2/224 HPs)
             Began as a Centaur Fighter on Apr 2, 2020.
             Was the Champion of the Shining One.
             Slain by a very large slime creature (4 damage)
             ... on level 1 of the Pits of Slime on Apr 3, 2020.
             The game lasted 05:42:04 (48176 turns).

Armakuni the Warrior (Centaur Fighter)             Turns: 48176, Time: 05:42:05

Health: -2/224     AC: 29    Str: 34    XL:     24   Next: 34%
Magic:  20/34      EV: 13    Int:  7    God:    the Shining One [******]
Gold:   2748       SH: 39    Dex: 13    Spells: 17/23 levels left

rFire    + + +     SeeInvis +   a - +9 eudemon blade (holy)
rCold    + + .     Gourm    .   y - +5 tower shield
rNeg     + + +     Faith    .   B - +9 plate armour of Ziehogref {rC+ SInv}
rPois    .         Spirit   .   T - +2 helmet
rElec    .         Reflect  .   X - scarf {repulsion}
rCorr    +         Harm     +   q - +2 pair of gloves {Dex+3}
MR       ++...                  (no barding)
Stlth    ..........             H - amulet "Captoisy" {Harm *Drain rF+++ rC+ Str+4 Slay-4}
HPRegen  0.47/turn              K - ring of resist corrosion
MPRegen  0.24/turn              M - ring of protection from magic

@: divine shield, marked, corroded, glowing, repel missiles, very quick
A: large, hooves 3, molten scales 1, deformed body, speed 2, tough skin 3, no
potion heal 1
}: 3/15 runes: barnacled, silver, gossamer
a: Divine Shield, Cleansing Flame, Summon Divine Warrior, Renounce Religion


You were on level 1 of the Pits of Slime.
You worshipped the Shining One.
The Shining One was exalted by your worship.
You were very hungry.

You visited 10 branches of the dungeon, and saw 44 of its levels.
You also visited: Sewer, Ossuary, Bailey and Ice Cave.

You collected 8231 gold pieces.
You spent 5483 gold pieces at shops.

Inventory:

Hand Weapons
 a - a +9 eudemon blade of holy wrath (weapon)
 b - the +10 morningstar "Eos" {elec, Halo rElec}
   (You took it off a deep elf high priest on level 3 of the Elven Halls)

   Occasionally, upon striking a foe, it will discharge some electrical energy
   and cause terrible harm.
   It insulates you from electricity.
Missiles
 o - 7 boomerangs of dispersal
 p - 99 boomerangs
 u - 89 javelins (quivered)
 w - 3 throwing nets
 J - 25 silver javelins
 L - 9 silver boomerangs
 R - 6 curare-tipped darts
Armour
 q - a +2 pair of gloves of dexterity (worn)
 y - a +5 tower shield (worn)
 B - the +9 plate armour of Ziehogref (worn) {rC+ SInv}
   (You found it on level 6 of the Dungeon)

   It protects you from cold.
   It lets you see invisible.
 T - a +2 helmet (worn)
 X - a scarf of repulsion (worn)
Jewellery
 E - a +5 ring of evasion
 H - the amulet "Captoisy" (around neck) {Harm *Drain rF+++ rC+ Str+4 Slay-4}
   (You bought it in a shop on level 6 of the Dungeon)

   [amulet of harm]

   It increases damage dealt and taken.
   It affects your strength (+4).
   It affects your accuracy and damage with ranged weapons and melee attacks
   (-4).
   It renders you almost immune to fire.
   It protects you from cold.
   It causes draining when unequipped.
 K - a ring of resist corrosion (left hand)
 M - a ring of protection from magic (right hand)
Wands
 c - a wand of acid (30)
 W - a wand of digging (9)
Scrolls
 d - 6 scrolls of fear
 i - 25 scrolls of identify
 k - 10 scrolls of blinking
 l - 4 scrolls of noise
 n - 18 scrolls of teleportation
 s - 14 scrolls of amnesia
 t - 22 scrolls of remove curse
 v - 5 scrolls of vulnerability
 z - a scroll of immolation
 A - 5 scrolls of holy word
 D - a scroll of silence
 I - 7 scrolls of fog
 O - 2 scrolls of enchant weapon
 U - 7 scrolls of magic mapping
Potions
 e - 3 potions of flight
 g - 6 potions of ambrosia
 h - 3 potions of haste
 j - 10 potions of curing
 x - 4 potions of lignification
 C - 3 potions of cancellation
 G - 13 potions of heal wounds
 Q - 3 potions of magic
 S - 2 potions of resistance
 Y - 3 potions of might
Miscellaneous
 r - 4 phantom mirrors
 Z - 4 boxes of beasts
Comestibles
 f - 75 rations


   Skills:
 - Level 20.0 Fighting
 - Level 14.0 Long Blades
 + Level 17.7 Throwing
 - Level 16.0 Armour
 - Level 13.4 Dodging
 - Level 14.1 Shields
 + Level 15.3 Invocations
 - Level 4.1 Evocations


You had 17 spell levels left.
You knew the following spells:

 Your Spells              Type           Power        Failure   Level  Hunger
b - Blink                 Tloc           N/A          98%         2    ###....
p - Summon Butterflies    Summ           #.......     94%         1    ##.....
s - Song of Slaying       Chrm           #.......     98%         2    ###....
z - Apportation           Tloc           #.....       94%         1    ##.....

Your spell library contained the following spells:

 Spells                   Type           Power        Failure   Level  Hunger
 Animate Skeleton         Necr           N/A          94%         1    ##.....
 Corona                   Hex            #......      94%         1    ##.....
 Foxfire                  Conj/Fire      #...         94%         1    ##.....
 Freeze                   Ice            #...         94%         1    ##.....
 Infusion                 Chrm           #...         94%         1    ##.....
 Magic Dart               Conj           #...         94%         1    ##.....
 Pain                     Necr           #...         94%         1    ##.....
 Sandblast                Erth           #.....       94%         1    ##.....
 Shock                    Conj/Air       #...         94%         1    ##.....
 Sting                    Tmut/Pois      #...         94%         1    ##.....
 Summon Small Mammal      Summ           #...         94%         1    ##.....
 Call Imp                 Summ           #.......     98%         2    ###....
 Ensorcelled Hibernation  Hex/Ice        #.....       98%         2    ###....
 Passwall                 Tmut/Erth      #.......     98%         2    ###....
 Poisonous Vapours        Pois/Air       #.....       98%         2    ###....
 Searing Ray              Conj           #.....       98%         2    ###....
 Shroud of Golubria       Chrm/Tloc      #.....       98%         2    ###....
 Slow                     Hex            #.......     98%         2    ###....
 Sticks to Snakes         Tmut           #.......     98%         2    ###....
 Sublimation of Blood     Necr           #.........   98%         2    ###....
 Swiftness                Chrm/Air       #.......     98%         2    ###....
 Conjure Flame            Conj/Fire      #.......     100%        3    ####...
 Dazzling Flash           Conj/Hex       #.....       100%        3    ####...
 Frozen Ramparts          Ice            #.....       100%        3    ####...
 Ignite Poison            Fire/Tmut/Pois #.......     100%        3    ####...
 Inner Flame              Hex/Fire       #.......     100%        3    ####...
 Lesser Beckoning         Tloc           #.........   100%        3    ####...
 Mephitic Cloud           Conj/Pois/Air  #.......     100%        3    ####...
 Ozocubu's Armour         Chrm/Ice       #.......     100%        3    ####...
 Portal Projectile        Hex/Tloc       #.....       100%        3    ####...
 Recall                   Summ/Tloc      N/A          100%        3    ####...
 Spectral Weapon          Hex/Chrm       #.......     100%        3    ####...
 Static Discharge         Conj/Air       #.......     100%        3    ####...
 Stone Arrow              Conj/Erth      #.....       100%        3    ####...
 Tukima's Dance           Hex            #.......     100%        3    ####...
 Vampiric Draining        Necr           #.........   100%        3    ####...
 Airstrike                Air            #.........   100%        4    #####..
 Animate Dead             Necr           N/A          100%        4    #####..
 Cause Fear               Hex            #.........   100%        4    #####..
 Fulminant Prism          Conj/Hex       #.........   100%        4    #####..
 Hailstorm                Conj/Ice       #.......     100%        4    #####..
 Iskenderun's Mystic Bla  Conj/Tloc      #.......     100%        4    #####..
 Leda's Liquefaction      Hex/Erth       #.........   100%        4    #####..
 Olgreb's Toxic Radiance  Pois           #.......     100%        4    #####..
 Petrify                  Tmut/Erth      #.......     100%        4    #####..
 Sticky Flame             Conj/Fire      #.......     100%        4    #####..
 Summon Ice Beast         Ice/Summ       #.......     100%        4    #####..
 Summon Lightning Spire   Summ/Air       #.......     100%        4    #####..
 Agony                    Necr           #.......     100%        5    ######.
 Alistair's Intoxication  Tmut/Pois      #.......     100%        5    ######.
 Aura of Abjuration       Summ           #.........   100%        5    ######.
 Bolt of Magma            Conj/Fire/Erth #.........   100%        5    ######.
 Borgnjor's Vile Clutch   Necr/Erth      #.........   100%        5    ######.
 Fireball                 Conj/Fire      #.........   100%        5    ######.
 Irradiate                Conj/Tmut      #.........   100%        5    ######.
 Iskenderun's Battlesphe  Conj/Chrm      #.......     100%        5    ######.
 Lee's Rapid Deconstruct  Erth           #.........   100%        5    ######.
 Lightning Bolt           Conj/Air       #.........   100%        5    ######.
 Silence                  Hex/Air        #.........   100%        5    ######.
 Summon Demon             Summ           #.........   100%        5    ######.
 Summon Forest            Summ/Tloc      #.........   100%        5    ######.
 Summon Mana Viper        Hex/Summ       #.......     100%        5    ######.
 Darkness                 Hex            #.........   100%        6    #######
 Eringya's Noxious Bog    Tmut/Pois      #.........   100%        6    #######
 Freezing Cloud           Conj/Ice/Air   #.........   100%        6    #######
 Hydra Form               Tmut           #.........   100%        6    #######
 Invisibility             Hex            #.......     100%        6    #######
 Shadow Creatures         Summ           N/A          100%        6    #######
 Starburst                Conj/Fire      #.........   100%        6    #######
 Statue Form              Tmut/Erth      #........    100%        6    #######
 Dragon Form              Tmut           #.........   100%        7    #######
 Ring of Flames           Chrm/Fire      #.........   100%        7    #######
 Ignition                 Fire           #.........   100%        8    #######
 Dragon's Call            Summ           #.........   100%        9    #######


Dungeon Overview and Level Annotations

Branches:
Dungeon (15/15)            Temple (1/1) D:7            Lair (6/6) D:9
 Shoals (4/4) Lair:2       Spider (4/4) Lair:2        Slime (1/5) Lair:6
    Orc (2/2) D:9             Elf (3/3) Orc:2        Vaults (5/5) D:14
  Crypt (3/3) Vaults:2       Tomb (0/3) Crypt:3       Sewer (visited)
Ossuary (visited)          Bailey (visited)           IceCv (visited)
 Depths: D:15

Altars:
Ashenzari
Cheibriados
Dithmenos
Elyvilon
Fedhas
Gozag
Hepliaklqana
Kikubaaqudgha
Makhleb
Nemelex Xobeh
Okawaru
Qazlal
Ru
Sif Muna
Trog
Uskayaw
Vehumet
Wu Jian
Xom
Yredelemnul
Zin
The Shining One

Shops:
D:6 :=   D:14 [   Orc:2 **[:%   Elf:1 }%!:[   Elf:2 [   Vaults:2 ?=
Vaults:5 :

Portals:
Pandemonium: Orc:2

Annotations:
D:6 2 transporters, liluieth's ghost, novice DEAM
Elf:1 6 runed translucent doors
Crypt:1 2 transporters, Nahunafo's ghost, veteran DsGl


Innate Abilities, Weirdness & Mutations

You have hooves in place of feet.
Armour fits poorly on your strangely shaped body.
You cover ground very quickly.
You have extremely tough skin. (AC +3)
You are partially covered in molten scales. (AC +2)
Potions are less effective at restoring your health.


Message History

A slime creature comes into view.
The very large slime creature hits you!
* * * LOW HITPOINT WARNING * * *
Your system partially rejects the healing.
You feel better.
You feel less invigorated. The acid blob barely misses you.
You block the azure jelly's attack. The azure jelly barely misses you.
You block the azure jelly's attack.
The azure jelly hits you but does no damage.
The acid blob spits acid at you. You block the splash of acid.
A slime creature comes into view.
You block the azure jelly's attack. The azure jelly barely misses you.
The azure jelly hits you.
* * * LOW HITPOINT WARNING * * *
The azure jelly completely misses you. The very large slime creature hits you.
* * * LOW HITPOINT WARNING * * *
The titanic slime creature hits you!!
* * * LOW HITPOINT WARNING * * *
The very large slime creature hits you.
You die...

##.......##. .
#.......#... ..
........... ...
#........
....#....... #
..........# ..#
......JJJ#.....
......J@J.....#
.#....JJJ......
.....G.........
..........J....
...JJ..........
J.......>......
.....G.........
J.........>.#..


You could see 3 acid blobs, 2 azure jellies, a titanic slime creature, 2 very
large slime creatures, a large slime creature, 4 slime creatures, a shining eye
and a floating eye.

Vanquished Creatures
  Khufu (Crypt:1)
  Mara (Shoals:3)
  2 ancient liches (Vaults:5)
  Sojobo (Vaults:2)
  Bai Suzhen (Shoals:3)
  A greater mummy (Crypt:1)
  Margery (Vaults:3)
  Xtahua (Crypt:3)
  3 golden dragons (Vaults:5)
  Arachne (Spider:4)
  4 liches
  4 tentacled monstrosities (Vaults:5)
  An Ice Fiend (IceCv)
  The ghost of Titucsi the Tortoise, an adept GrFi of Makhleb (Crypt:3)
  2 titans
  A quicksilver dragon (Vaults:5)
  3 deep elf blademasters (Elf:3)
  2 deep elf master archers (Elf:3)
  2 shadow dragons (Vaults:5)
  2 storm dragons (Vaults:5)
  13 tengu reavers
  Roxanne (Shoals:3)
  6 revenants
  Ilsuiw (Shoals:3)
  3 fire giants
  2 frost giants
  3 ghost moths (Spider:4)
  6 deep elf sorcerers
  Louise (Shoals:1)
  23 vault wardens
  2 curse skulls
  A reaper (Crypt:3)
  13 ironheart preservers
  9 deep elf elementalists
  Aizul (Shoals:3)
  2 ghouls (Crypt:1)
  3 entropy weavers
  5 emperor scorpions (Spider:4)
  2 war gargoyles
  4 very ugly things
  6 vampire knights
  12 stone giants
  9 deep elf demonologists
  7 deep elf annihilators
  8 merfolk impalers
  An eidolon (Crypt:3)
  4 ettins
  A quicksilver dragon zombie (Crypt:2)
  9 merfolk javelineers
  10 deep elf death magi
  4 fire dragons
  A mummy priest (Crypt:3)
  8 jiangshi
  A spectral quicksilver dragon (Crypt:3)
  11 deep elf high priests
  Josephine (D:12)
  13 slime creatures
  2 spectral golden dragons (Crypt:3)
  A rakshasa (Vaults:2)
  Fannar (Lair:1)
  A quicksilver dragon skeleton (Crypt:3)
  32 vault guards
  A great orb of eyes (Slime:1)
  3 ice dragons
  A hydra (Lair:6)
  9 centaur warriors
  14 yaktaur captains
  4 merfolk avatars
  Harold (Lair:2)
  An alligator snapping turtle (Shoals:1)
  An alligator (shapeshifter) (Vaults:5)
  A satyr (Shoals:4)
  5 death knights
  A catoblepas (Lair:5)
  8 ogre magi
  A spectral stone giant (Crypt:3)
  A satyr (shapeshifter) (Vaults:5)
  27 dancing weapons
  13 merfolk aquamancers
  21 two-headed ogres
  5 spriggan berserkers (Elf:2)
  8 vampire magi
  3 small abominations (Elf:3)
  A spectral fire giant (Crypt:3)
  A spectral dire elephant (Crypt:3)
  6 orc high priests
  2 soul eaters
  23 deep elf knights
  The ghost of kae the Grappler, a novice DrTm of Hepliaklqana (D:9)
  A titan zombie (Vaults:4)
  A fire crab (shapeshifter) (Vaults:5)
  6 hell knights (Vaults:3)
  A sun demon (Orc:2)
  13 sea snakes
  19 shadow wraiths
  28 skeletal warriors
  2 spectral anacondas (Crypt:3)
  A spectral emperor scorpion (Crypt:3)
  A kraken simulacrum (Shoals:4)
  A large abomination (Elf:3)
  6 unseen horrors
  11 flayed ghosts
  2 gelid demonspawn (Orc:2)
  A torturous demonspawn (Orc:2)
  An anaconda zombie (Crypt:2)
  2 glowing orange brains
  9 deep trolls
  A deep troll (shapeshifter) (Vaults:5)
  3 spectral hydras (Crypt:3)
  19 ironbrand convokers
  16 orc knights
  A swamp dragon (Lair:6)
  20 deep elf archers
  2 necromancers
  14 harpies
  72 deep elf magi
  21 phantasmal warriors
  A lindwurm (Lair:6)
  A shining eye (Slime:1)
  A mana viper (shapeshifter) (Vaults:2)
  An iron giant skeleton (Crypt:1)
  18 orb spiders
  15 ugly things
  A wolf spider zombie (D:14)
  A frost giant zombie (Crypt:3)
  12 manticores
  7 oklob plants (Lair:6)
  3 moths of wrath
  8 orc sorcerers (Orc:2)
  An iron dragon zombie (Crypt:1)
  24 wolf spiders
  9 fauns
  9 cyclopes
  A guardian serpent (shapeshifter) (Vaults:2)
  A human skeleton (Vaults:4)
  10 merfolk sirens
  3 ice statues
  A titan simulacrum (Crypt:3)
  12 vault sentinels
  A stone giant skeleton (Crypt:2)
  4 water nymphs
  6 black mambas
  13 spiny frogs
  A torpor snail (shapeshifter) (Vaults:1)
  5 torpor snails
  2 gargoyles
  40 yaktaurs
  A rime drake (shapeshifter) (Vaults:2)
  An alligator snapping turtle skeleton (Crypt:1)
  3 rime drakes
  9 komodo dragons
  A yaktaur (shapeshifter) (Vaults:4)
  16 demonic crawlers
  4 anaconda simulacra
  2 efreet (D:13)
  13 freezing wraiths
  A green draconian zombie (Crypt:1)
  A red devil (Orc:2)
  10 ice devils
  2 tengu conjurers (D:13)
  6 guardian mummies (Crypt:3)
  A pale draconian skeleton (Crypt:2)
  A jumping spider (shapeshifter) (Vaults:3)
  2 wind drakes
  40 merfolk
  A sea snake skeleton (Crypt:1)
  A meliai (shapeshifter) (Vaults:2)
  4 polar bears
  8 trolls
  3 tyrant leeches (Lair:6)
  42 jumping spiders
  17 hornets
  A death drake skeleton (Crypt:2)
  8 blink frogs (Lair:6)
  2 stone giant simulacra (Crypt:3)
  5 dream sheep (Shoals:4)
  9 snapping turtles
  A bog body (Crypt:1)
  A fire giant simulacrum (Crypt:3)
  A frost giant simulacrum (Crypt:3)
  5 hippogriffs
  18 flying skulls
  69 redbacks
  A guardian serpent skeleton (Crypt:1)
  13 shadows
  19 tarantellas
  3 air elementals
  A centaur simulacrum (D:14)
  15 wraiths
  A redback (shapeshifter) (Elf:1)
  28 yaks
  3 fire elementals
  A spriggan (shapeshifter) (Elf:1)
  13 water elementals
  2 wyverns
  A dire elephant simulacrum (IceCv)
  A golden eye (shapeshifter) (Elf:2)
  4 vampire mosquitoes
  2 yaks (shapeshifter) (Vaults:1)
  2 basilisks
  6 hungry ghosts
  A yaktaur simulacrum (Vaults:1)
  4 steam dragons
  A human simulacrum (Vaults:1)
  An emperor scorpion simulacrum (Crypt:3)
  3 iron troll simulacra (IceCv)
  7 wargs
  A soldier ant (D:12)
  A hydra simulacrum (IceCv)
  A deep troll zombie (Crypt:2)
  A harpy simulacrum (IceCv)
  A monstrous demonspawn zombie (Crypt:3)
  5 acid dragons
  3 water moccasins
  6 porcupines
  A spectral troll (Crypt:3)
  48 orc warriors
  2 black bears
  3 sky beasts
  An eye of draining (Slime:1)
  14 ice beasts
  2 phantoms
  A hornet zombie (D:12)
  21 ogres
  A snapping turtle zombie (Crypt:3)
  2 ettin simulacra
  8 boggarts
  27 wolves
  A swamp dragon skeleton (Crypt:2)
  11 centaurs
  13 crocodiles
  5 big kobolds
  A komodo dragon zombie (Crypt:2)
  An earth elemental (Elf:3)
  11 bullfrogs
  An elf skeleton (Crypt:3)
  A deep troll simulacrum (Vaults:4)
  2 water moccasin zombies (Ossuary)
  4 scorpions
  16 killer bees
  A spriggan zombie (Crypt:1)
  2 queen bee zombies (Crypt:3)
  A warg skeleton (Crypt:1)
  A howler monkey (D:9)
  16 wights
  A yak skeleton (Crypt:1)
  4 crimson imps
  6 bullfrog zombies
  2 centaur zombies
  4 jellies
  3 quasits (D:9)
  8 hounds
  2 gnoll shamans
  35 orc priests
  22 orc wizards
  4 bullfrog skeletons
  5 iguanas
  Ijyb (D:3)
  8 centaur skeletons
  A black bear skeleton (Crypt:3)
  29 worker ants
  A felid skeleton (Crypt:3)
  A demigod skeleton (Crypt:2)
  A crocodile skeleton (Crypt:1)
  3 hound zombies
  2 hound skeletons (D:4)
  18 mummies
  A howler monkey zombie (Ossuary)
  2 worker ant zombies
  10 gnolls
  16 adders
  3 river rats (D:6)
  3 shadow imps
  A white imp (Lair:4)
  14 oozes
  An adder skeleton (Crypt:2)
  3 worms
  3 dart slugs
  14 leopard geckos
  90 orcs
  17 giant cockroaches
  A gnoll zombie (Crypt:2)
  8 goblins
  12 hobgoblins
  9 jackals
  2 quokkas
  14 ball pythons
  10 bats
  16 frilled lizards
  A jackal zombie (Ossuary)
  40 kobolds
  A leopard gecko zombie (Ossuary)
  A quokka skeleton (D:4)
  2 quokka zombies
  7 rats
  5 crawling corpses (Elf:3)
  3 plants
2081 creatures vanquished.

Vanquished Creatures (collateral kills)
  An orb spider (Spider:4)
  A jumping spider (Spider:4)
  A hornet (Spider:4)
  A redback (Spider:4)
4 creatures vanquished.

Vanquished Creatures (others)
  A frost giant (Shoals:4)
  A flayed ghost (Vaults:3)
  An orb spider (Spider:4)
  A wolf spider (Spider:1)
  A moth of wrath (Spider:4)
  A water nymph (Shoals:3)
  2 jumping spiders (Spider:1)
  A slime creature (Slime:1)
  A neqoxec (D:9)
  A warg (Vaults:3)
  An orc warrior (Orc:2)
  A centaur (D:13)
  3 wolves
  A quasit (D:9)
  An iguana (Lair:6)
  An orc (Elf:1)
  A crawling corpse (Elf:3)
  4 fungi (Lair:6)
  14 plants
38 creatures vanquished.

Grand Total: 2123 creatures vanquished

Notes
Turn   | Place    | Note
-------+----------+-------------------------------------------
     0 | D:1      | Armakuni the Centaur Fighter began the quest for the Orb.
     0 | D:1      | Reached XP level 1. HP: 19/19 MP: 1/1
   114 | D:1      | Reached XP level 2. HP: 25/26 MP: 2/2
   452 | D:1      | Reached XP level 3. HP: 29/31 MP: 3/3
  1130 | D:2      | You fall into a shaft and drop 1 floor!
  1235 | D:3      | Noticed Ijyb
  1276 | D:3      | Killed Ijyb
  1276 | D:3      | Reached XP level 4. HP: 39/39 MP: 4/4
  1378 | D:3      | Reached XP level 5. HP: 24/46 MP: 5/5
  1560 | D:2      | Found a sacrificial altar of Ru.
  1560 | D:2      | Found a hide-covered altar of Uskayaw.
  1562 | D:2      | Found a shadowy altar of Dithmenos.
  1563 | D:2      | Found a shimmering altar of Xom.
  2212 | D:3      | Reached skill level 4 in Fighting
  2677 | D:3      | Reached XP level 6. HP: 52/52 MP: 6/6
  2891 | D:3      | Found a basalt altar of Yredelemnul.
  3132 | D:4      | Learned a level 2 spell: Blink
  3157 | D:4      | Found a sparkling altar of Nemelex Xobeh.
  3245 | D:4      | Got a translucent dagger
  3246 | D:4      | Identified the +4 dagger of Circularity {freeze, +Inv Int-2
                  | Dex+2} (You found it on level 4 of the Dungeon)
  3309 | D:4      | Gained mutation: Your body sometimes deteriorates upon
                  | taking damage. [potion of mutation]
  3309 | D:4      | Gained mutation: You are frail. (-10% HP) [potion of
                  | mutation]
  3309 | D:4      | Gained mutation: You expend magic power (3 MP) to
                  | strengthen your wands. [potion of mutation]
  3719 | D:4      | Reached XP level 7. HP: 30/54 MP: 3/7
  3918 | D:4      | Found the +7 Spriggan's Knife {stab, EV+4 Stlth+}
  4120 | D:5      | Entered Level 5 of the Dungeon
  4436 | D:5      | Reached skill level 5 in Fighting
  4862 | D:6      | Found Qaroez's Jewellery Boutique.
  4867 | D:6      | Found Feanum's Book Shop.
  4978 | D:6      | Found a transporter.
  4990 | D:6      | Noticed liluieth's ghost (novice DEAM)
  4990 | D:6      | Identified the +9 dire flail of Leheepliru {vamp, +Rage rC-
                  | Dex+5}
  4992 | D:6      | Found a transporter.
  5028 | D:6      | Got a transparent plate armour
  5029 | D:6      | Identified the +9 plate armour of Ziehogref {rC+ SInv} (You
                  | found it on level 6 of the Dungeon)
  5346 | D:6      | Reached XP level 8. HP: 61/61 MP: 8/8
  5384 | D:6      | Found a glowing drain.
  5388 | Sewer    | Entered a sewer
  5673 | Sewer    | Reached skill level 5 in Long Blades
  6027 | D:6      | Reached skill level 5 in Armour
  6027 | D:6      | Reached skill level 5 in Shields
  6043 | D:6      | Reached skill level 1 in Dodging
  6603 | D:7      | Reached XP level 9. HP: 65/66 MP: 2/9
  6659 | D:7      | Found a shattered altar of Ashenzari.
  6703 | D:7      | Found a staircase to the Ecumenical Temple.
  6709 | Temple   | Entered the Ecumenical Temple
  6733 | Temple   | Became a worshipper of Elyvilon the Healer
  6959 | D:8      | Found a sand-covered staircase.
  6991 | Ossuary  | Entered an ossuary
  7017 | Ossuary  | Reached skill level 5 in Dodging
  7422 | D:8      | Noticed a two-headed ogre
  7431 | D:8      | Killed a two-headed ogre
  7431 | D:8      | Reached skill level 6 in Fighting
  7477 | D:8      | Got a polished dagger
  7478 | D:8      | Identified the +4 dagger "Qiwkex" {distort, rElec} (You
                  | found it on level 8 of the Dungeon)
  7504 | D:8      | Reached * piety under Elyvilon
  7559 | D:8      | Reached XP level 10. HP: 74/74 MP: 10/10
  7948 | D:9      | Reached ** piety under Elyvilon
  8126 | D:9      | Noticed a gargoyle
  8148 | D:9      | Reached skill level 1 in Invocations
  8157 | D:9      | Killed a gargoyle
  8189 | D:9      | Found a staircase to the Lair.
  8198 | D:9      | Found a glowing silver altar of Zin.
  8223 | D:9      | Found a staircase to the Orcish Mines.
  8280 | D:9      | Found a transporter.
  8280 | D:9      | Noticed kae's ghost (novice DrTm)
  8298 | D:9      | Found a transporter.
  8303 | D:9      | Reached skill level 5 in Invocations
  8666 | Orc:1    | Entered Level 1 of the Orcish Mines
  8686 | Lair:1   | Entered Level 1 of the Lair of Beasts
  8690 | Lair:1   | Reached *** piety under Elyvilon
  8740 | Lair:1   | Noticed a spiny frog
  8746 | Lair:1   | Killed a spiny frog
  8748 | Lair:1   | Noticed Fannar
  8834 | Lair:1   | Killed Fannar
  9083 | Lair:1   | Noticed a spiny frog
  9087 | Lair:1   | Killed a spiny frog
  9120 | Lair:1   | Reached **** piety under Elyvilon
  9135 | Lair:1   | Noticed a spiny frog
  9141 | Lair:1   | Killed a spiny frog
  9141 | Lair:1   | Reached XP level 11. HP: 76/81 MP: 15/17
  9282 | Lair:2   | Found a hole to the Spider Nest.
  9363 | Lair:2   | Noticed a six-headed hydra
  9372 | Lair:2   | Pacified a six-headed hydra
  9473 | Lair:2   | Reached skill level 10 in Invocations
  9626 | Lair:2   | Reached skill level 7 in Fighting
  9734 | Lair:2   | Noticed Harold
  9753 | Lair:2   | Killed Harold
 10036 | Lair:2   | Reached ***** piety under Elyvilon
 10041 | Lair:2   | Found a staircase to the Shoals.
 10700 | Lair:3   | Reached skill level 1 in Throwing
 10719 | Lair:3   | Found a stormy altar of Qazlal.
 10858 | Lair:3   | Noticed an eight-headed hydra
 10863 | Lair:3   | Pacified an eight-headed hydra
 11067 | Lair:3   | Reached XP level 12. HP: 85/90 MP: 19/19
 11234 | Lair:3   | Noticed a seven-headed hydra
 11238 | Lair:3   | Pacified a seven-headed hydra
 11707 | Lair:4   | Reached skill level 5 in Throwing
 11797 | Lair:4   | Noticed a six-headed hydra
 11798 | Lair:4   | Pacified a six-headed hydra
 11798 | Lair:4   | Reached skill level 1 in Evocations
 12206 | Lair:4   | Identified the Grimoire of the Escort and Heat
 12298 | Lair:5   | Noticed a five-headed hydra
 12299 | Lair:5   | Pacified a five-headed hydra
 12706 | Lair:5   | Noticed a catoblepas
 12716 | Lair:5   | Killed a catoblepas
 13056 | Lair:6   | Entered Level 6 of the Lair of Beasts
 13160 | Lair:6   | Reached ****** piety under Elyvilon
 13277 | Lair:6   | Noticed a seven-headed hydra
 13287 | Lair:6   | Noticed a seven-headed hydra
 13290 | Lair:6   | Killed a seven-headed hydra
 13291 | Lair:6   | Pacified a seven-headed hydra
 13291 | Lair:6   | Reached skill level 8 in Fighting
 13291 | Lair:6   | Reached XP level 13. HP: 71/96 MP: 8/20
 13623 | Lair:6   | Reached skill level 9 in Fighting
 13720 | Lair:6   | Noticed a fire dragon
 13776 | Lair:6   | Killed a fire dragon
 14038 | Lair:6   | Reached skill level 10 in Fighting
 14243 | Lair:6   | Found a staircase to the Slime Pits.
 14422 | Lair:6   | Found a runed translucent door.
 14423 | Lair:6   | Noticed a fire dragon
 14469 | Lair:6   | Killed a fire dragon
 15476 | Orc:2    | Entered Level 2 of the Orcish Mines
 15476 | Orc:2    | Found a staircase to the Elven Halls.
 15521 | Orc:2    | Found Suit's Food Emporium.
 15720 | Orc:1    | Reached skill level 10 in Long Blades
 16642 | Orc:2    | Found Boas's General Store.
 16646 | Orc:2    | Found Veosagil's General Store.
 16751 | Orc:2    | Bought a scroll of holy word for 112 gold pieces
 16818 | Orc:2    | Reached XP level 14. HP: 98/108 MP: 21/21
 17055 | Orc:2    | Paralysed by an orc sorcerer for 2 turns
 17109 | Orc:2    | Found Xuz Hosm's Antique Armour Shop.
 17109 | Orc:2    | Found a one-way gate leading to the halls of Pandemonium.
 17109 | Orc:2    | Found Mir Tis's Book Boutique.
 17237 | Orc:2    | Reached skill level 10 in Throwing
 17368 | D:6      | Bought the ring "Zyabotz" {Ice rPois rN+ Str+4 SInv} for
                  | 636 gold pieces
 17370 | D:6      | Bought the ring "Forget-Me-Not" {Fire +Inv Dex+5} for 594
                  | gold pieces
 17452 | Spider:1 | Entered Level 1 of the Spider Nest
 19638 | Spider:2 | Reached XP level 15. HP: 81/113 MP: 22/22
 20129 | Spider:3 | Identified Sif Muna's Disquisition on the Escort
 20961 | Spider:4 | Entered Level 4 of the Spider Nest
 21380 | Spider:4 | Noticed a ghost moth
 21408 | Spider:4 | Killed a ghost moth
 21411 | Spider:4 | Noticed Arachne
 21431 | Spider:4 | Killed Arachne
 21598 | Spider:4 | Reached skill level 10 in Armour
 21682 | Spider:4 | Noticed a ghost moth
 21701 | Spider:4 | Killed a ghost moth
 21899 | Spider:4 | Got a gossamer rune of Zot
 21916 | Spider:4 | Noticed a ghost moth
 21924 | Spider:4 | Killed a ghost moth
 21960 | Spider:4 | Reached XP level 16. HP: 28/120 MP: 17/23
 22536 | Shoals:1 | Entered Level 1 of the Shoals
 22676 | D:9      | Killed kae's ghost
 22688 | D:9      | Identified Sif Muna's Catalogue of Transmutation and Earth
 22734 | D:10     | Entered Level 10 of the Dungeon
 24400 | D:12     | Noticed Josephine
 24411 | D:12     | Killed Josephine
 25438 | D:13     | Found a shimmering altar of Xom.
 25688 | D:14     | Found a flagged portal.
 25697 | Bailey   | Entered a bailey
 25879 | Bailey   | Identified Sif Muna's Reference Book on Augmentations
 26223 | D:14     | Found Momnegh's Antique Armour Shoppe.
 26248 | D:14     | Bought a fine chain mail for 180 gold pieces
 26248 | D:14     | Bought a runed scarf for 152 gold pieces
 26260 | D:14     | Identified the +6 chain mail of the Constellations {Str+6
                  | Int+3 Slay+2} (You bought it in a shop on level 14 of the
                  | Dungeon)
 26453 | D:14     | Found a gate to the Vaults.
 26545 | Vaults:1 | Entered Level 1 of the Vaults
 26641 | Vaults:1 | Reached skill level 10 in Dodging
 26656 | Vaults:1 | You fall into a shaft and drop 1 floor!
 26768 | Vaults:2 | Reached XP level 17. HP: 107/126 MP: 24/24
 28641 | Vaults:2 | Found a staircase to the Crypt.
 28666 | Vaults:2 | Found Warghyot's Magic Scroll Shop.
 28681 | Vaults:2 | Bought a scroll of enchant armour for 112 gold pieces
 28681 | Vaults:2 | Bought a scroll of holy word for 112 gold pieces
 28782 | Vaults:2 | Lost mutation: You expend magic power (3 MP) to strengthen
                  | your wands. [potion of mutation]
 28782 | Vaults:2 | Lost mutation: You are frail. (-10% HP) [potion of
                  | mutation]
 28782 | Vaults:2 | Lost mutation: Your body sometimes deteriorates upon taking
                  | damage. [potion of mutation]
 28782 | Vaults:2 | Gained mutation: Potions are less effective at restoring
                  | your health. [potion of mutation]
 28782 | Vaults:2 | Gained mutation: You are partially covered in molten
                  | scales. (AC +2) [potion of mutation]
 28802 | Vaults:2 | Noticed Sojobo
 28850 | Vaults:2 | Killed Sojobo
 28850 | Vaults:2 | Reached skill level 10 in Shields
 29015 | Vaults:2 | Found Aloq Xyh's Jewellery Boutique.
 29858 | Vaults:2 | Identified the ring of Mopaff {rPois rC- rN+ Str+3}
 29921 | Vaults:3 | Identified the +6 scale mail of the Bulwark {+Inv Regen+
                  | Str-4 Dex+8} (You found it on level 3 of the Vaults)
 30156 | Vaults:3 | Reached XP level 18. HP: 149/149 MP: 25/25
 30971 | Shoals:1 | Noticed Louise
 31019 | Shoals:1 | Killed Louise
 32153 | Shoals:4 | Entered Level 4 of the Shoals
 32173 | Shoals:3 | Noticed Roxanne
 32182 | Shoals:3 | Noticed Ilsuiw
 32231 | Shoals:3 | Killed Ilsuiw
 32401 | Shoals:3 | Noticed Mara
 32434 | Shoals:3 | Noticed Armakuni's illusion
 32446 | Shoals:3 | Killed Mara
 32609 | Shoals:3 | Noticed Bai Suzhen
 32652 | Shoals:3 | Noticed Aizul
 32653 | Shoals:3 | Killed Bai Suzhen
 32679 | Shoals:3 | Killed Aizul
 32944 | Shoals:3 | Killed Roxanne
 32969 | Shoals:3 | Learned a level 1 spell: Apportation
 32972 | Shoals:3 | Learned a level 2 spell: Song of Slaying
 32974 | Shoals:3 | Learned a level 1 spell: Summon Butterflies
 33836 | Shoals:4 | Reached XP level 19. HP: 156/156 MP: 26/26
 34041 | Shoals:4 | Reached skill level 11 in Fighting
 34242 | Shoals:4 | Reached skill level 15 in Throwing
 34322 | Shoals:4 | Got a barnacled rune of Zot
 34680 | Temple   | Fell from the grace of Elyvilon
 34680 | Temple   | Became a worshipper of the Shining One
 34680 | Temple   | Reached * piety under the Shining One
 34680 | Temple   | Reached ** piety under the Shining One
 34963 | Crypt:1  | Entered Level 1 of the Crypt
 35243 | Crypt:1  | Reached *** piety under the Shining One
 35266 | Crypt:1  | Noticed Nahunafo's ghost (veteran DsGl)
 35268 | Crypt:1  | Found a transporter.
 35270 | Crypt:1  | Found a transporter.
 35287 | Crypt:1  | Reached skill level 12 in Fighting
 35338 | Crypt:1  | Reached **** piety under the Shining One
 35516 | Crypt:1  | Reached ***** piety under the Shining One
 35782 | Crypt:1  | Reached ****** piety under the Shining One
 35785 | Crypt:1  | Identified a +9 eudemon blade of holy wrath (a +9 vampiric
                  | demon blade blessed by the Shining One)
 35785 | Crypt:1  | Received a gift from the Shining One
 35959 | Crypt:1  | Noticed Khufu
 35959 | Crypt:1  | Noticed a greater mummy
 36013 | Crypt:1  | Killed a greater mummy
 36042 | Crypt:1  | Killed Khufu
 36057 | Crypt:1  | Noticed a greater mummy
 36582 | Crypt:2  | Reached XP level 20. HP: 155/168 MP: 30/30
 37103 | Crypt:3  | Entered Level 3 of the Crypt
 37111 | Crypt:3  | Reached skill level 15 in Invocations
 37189 | Crypt:3  | Noticed Xtahua
 37201 | Crypt:3  | Killed Xtahua
 37471 | Crypt:3  | Found a staircase to the Tomb.
 37541 | Crypt:3  | Found a runed translucent gate.
 37542 | Crypt:3  | Found a runed translucent gate.
 37542 | Crypt:3  | Found a runed translucent gate.
 37543 | Crypt:3  | Noticed Titucsi's ghost (adept GrFi)
 37570 | Crypt:3  | Killed Titucsi's ghost
 37660 | Crypt:3  | Reached skill level 13 in Fighting
 37827 | Crypt:3  | Found a basalt altar of Yredelemnul.
 37991 | Crypt:3  | Found the +8 demon blade "Leech" {vamp, *Rage +Rage rN+}
 38275 | Crypt:3  | Reached skill level 14 in Fighting
 38311 | Crypt:3  | Identified the cursed +0 dagger of the Penguin {protect,
                  | Fragile rPois Str+2} (You found it on level 3 of the Crypt)
 38783 | D:6      | Bought the amulet "Captoisy" {Harm *Drain rF+++ rC+ Str+4
                  | Slay-4} for 847 gold pieces
 38854 | Elf:1    | Entered Level 1 of the Elven Halls
 38877 | Elf:1    | Found a radiant altar of Vehumet.
 39054 | Elf:1    | Reached XP level 21. HP: 97/182 MP: 25/32
 39097 | Elf:1    | Found a runed translucent gate.
 39097 | Elf:1    | Found a runed translucent gate.
 39097 | Elf:1    | Found a runed translucent gate.
 39097 | Elf:1    | Found a runed translucent gate.
 39097 | Elf:1    | Found a runed translucent gate.
 39100 | Elf:1    | Found a runed translucent gate.
 39262 | Elf:1    | Found Teoh Jao's Armour Shoppe.
 39390 | Elf:1    | Found Orylit's Book Emporium.
 39398 | Elf:1    | Bought a manual of Fighting for 1766 gold pieces
 39417 | Elf:1    | Found Waneodghibb's Distillery.
 39421 | Elf:1    | Bought a potion of haste for 170 gold pieces
 39421 | Elf:1    | Bought a potion of cancellation for 136 gold pieces
 39595 | Elf:1    | Found Renkumul's Food Shop.
 39660 | Elf:1    | Found Uhoroeth's Gadget Shoppe.
 39693 | Elf:1    | Reached skill level 15 in Fighting
 40011 | Elf:2    | Found a huge runed translucent gate.
 40017 | Elf:2    | Found a huge runed translucent gate.
 40017 | Elf:2    | Found a huge runed translucent gate.
 40018 | Elf:2    | Found a huge runed translucent gate.
 40018 | Elf:2    | Found a huge runed translucent gate.
 40181 | Elf:2    | Found Kexirph's Antique Armour Shop.
 40190 | Elf:2    | Bought a crude cloak for 285 gold pieces
 40190 | Elf:2    | Identified the +1 cloak of Patterns {rN+ Dex+2} (You bought
                  | it in a shop on level 2 of the Elven Halls)
 40332 | Elf:2    | Found a bloodstained altar of Trog.
 40374 | Elf:2    | Reached skill level 16 in Fighting
 40708 | Elf:2    | Identified the +3 scale mail "Ruitz" {Int+3} (You found it
                  | on level 2 of the Elven Halls)
 40890 | Elf:2    | Reached skill level 17 in Fighting
 41238 | Elf:3    | Entered Level 3 of the Elven Halls
 41286 | Elf:3    | Reached skill level 18 in Fighting
 41327 | Elf:3    | Found a frozen archway.
 41365 | IceCv    | Entered an ice cave
 41643 | IceCv    | Identified the +7 rapier of Abuse {speed, rPois MR+ Int+4}
                  | (You found it in an ice cave)
 42458 | Elf:3    | Reached skill level 19 in Fighting
 42499 | Elf:3    | Reached XP level 22. HP: 153/206 MP: 33/33
 42595 | Elf:3    | Reached skill level 20 in Fighting
 42610 | Elf:3    | Identified the +8 quarterstaff of Uphyajoa {vamp, +Rage
                  | Int+3 Dex-3}
 43121 | Orc:2    | Bought a scroll of blinking for 112 gold pieces
 43121 | Orc:2    | Bought a scroll of blinking for 112 gold pieces
 43466 | Vaults:2 | Bought a scroll of teleportation for 45 gold pieces
 43466 | Vaults:2 | Bought a scroll of blinking for 112 gold pieces
 43804 | Vaults:3 | Noticed Margery
 43821 | Vaults:3 | Killed Margery
 44436 | Vaults:4 | Got a scorched golden amulet
 44439 | Vaults:4 | Identified the amulet of Wipposk {RegenMP rElec rPois} (You
                  | found it on level 4 of the Vaults)
 44942 | Vaults:4 | Got a crude bronze ring
 44999 | Vaults:4 | Identified the ring "Laki" {Ice Str-4 Dex+5 Slay+2 SInv}
                  | (You found it on level 4 of the Vaults)
 45128 | Vaults:4 | Found a white marble altar of Elyvilon.
 45708 | Vaults:5 | Entered Level 5 of the Vaults
 45716 | Vaults:5 | Reached XP level 23. HP: 215/215 MP: 30/34
 45826 | Vaults:5 | Reached skill level 15 in Armour
 45922 | Vaults:5 | Noticed an ancient lich
 45930 | Vaults:5 | Killed an ancient lich
 46351 | Vaults:5 | Noticed an ancient lich
 46361 | Vaults:5 | Killed an ancient lich
 46368 | Vaults:5 | Identified a scroll of acquirement
 46386 | Vaults:5 | Upgraded the game from 0.25-a0-700-g7f8a7979f0 to
                  | 0.25-a0-701-gb30f108f01
 46737 | Vaults:5 | Reached XP level 24. HP: 224/224 MP: 34/34
 47138 | Vaults:5 | Got a silver rune of Zot
 47351 | Vaults:5 | Found Kabekhloi's Book Shop.
 47792 | D:15     | Entered Level 15 of the Dungeon
 48153 | Slime:1  | Entered Level 1 of the Pits of Slime
 48175 | Slime:1  | The Shining One protects you from harm!
 48176 | Slime:1  | HP: 2/224 [titanic slime creature (32)]
 48176 | Slime:1  | Slain by a very large slime creature

Levels and vault maps discovered:
D:1:      dpeg_arrival_rhombi, layout_basic, supply_closet_lemuel,
          minmay_liquid_box, minmay_statues_item
D:2:      layout_basic, grunt_temple_overflow_open, serial_corexii_hall,
          corexii_hall_statues_l, chequers_hall_statues_corner_a, minivault_24,
          chequers_serial_rivers_micro_c
D:3:      layout_basic, marbit_many_paths, first_ration, uniq_ijyb
D:4:      layout_basic, lemuel_crystal_altar, hex_large,
          kennysheep_generic_room_6
D:5:      layout_rooms
D:6:      layout_basic, gammafunk_ghost_smash, serial_shops, nicolae_shop_stone,
          shop, gup_sewer_entry_spiral
D:7:      layout_rooms, minmay_temple_entry_statues_pillars, basic_altar,
          grunt_ogre_cave
D:8:      layout_loops_ring, enter_ossuary_3, item_on_display_a
D:9:      layout_loops_ring, zin_scriptorium, lair_entry_dummy,
          gammafunk_ghost_stat_death
D:10:     layout_roguey
D:11:     layout_long_grid
D:12:     layout_irregular_city, uniq_josephine
D:13:     layout_small_grid, basic_altar
D:14:     layout_small_grid, david_vaults_5, serial_shops, shop, enter_bailey_2,
          minivault_23, drop_trap
D:15:     grunt_enter_depths_hoard, layout_small_grid,
          hangedman_decor_diamond_cutter, lemuel_angel_altar, uniq_azrael
Temple:   nicolae_temple_no_exploring_needed
Lair:1:   layout_cave_shapes, uniq_fannar
Lair:2:   layout_regular_city, elwin_shoals_entry_rocks,
          nicolae_spider_entry_non_spiders, grunt_forest_large_clearings,
          uniq_harold
Lair:3:   layout_cave_pods, basic_altar, grunt_megastairs_4,
          infiniplex_staircase_pool_2, serial_bayou_shore_b, lemuel_fruit_fields
Lair:4:   layout_misc_corridors, ice2_lemuel
Lair:5:   layout_cave_pods
Lair:6:   wormcave, layout_long_grid, guppyfry_lair_end_dragon,
          minmay_slime_entry_oklob_enclosed, st_stairs_8,
          minmay_lair_oklob_bushes, minmay_hedge_maze
Shoals:1: layout_shoals, uniq_louise
Shoals:2: layout_shoals, nicolae_shoals_aquamancer_cove
Shoals:3: layout_shoals, uniq_bai_suzhen, uniq_ilsuiw, uniq_roxanne, uniq_aizul,
          uniq_mara
Shoals:4: shoals_end_grunt_ice, layout_shoals, nicolae_shoals_hunting_party
Spider:1: layout_spider_delve
Spider:2: layout_chambers
Spider:3: layout_chambers
Spider:4: grunt_spider_rune_parallel, uniq_arachne
Slime:1:  layout_caves
Orc:1:    layout_caves
Orc:2:    pf_orc_diabolical, layout_caves, serial_shops, shop
Elf:1:    eino_elf_arrival_altar, layout_onion_city, serial_shops,
          nicolae_shop_statue_plus, shop, shop, shop, nicolae_shop_trees,
          orc_legates
Elf:2:    layout_loops_corners, serial_shops,
          nicolae_shop_temple_entry_statues_fountains,
          evilmike_spriggan_trog_shrine
Elf:3:    minmay_elf_hall_not_hex, layout_loops_ring,
          portal_ice_cave_entry_pillars_1, minmay_misc_feat_ornament,
          palyth_stone_intersect
Vaults:1: hangedman_vaults_stitches, nicolae_vaults_mini_display_case,
          ontoclasm_vaults_eye, nicolae_vaults_shelves_hall, v_misc_27,
          grunt_vaults_twisty, ontoclasm_vaults_spin,
          nicolae_vaults_little_squares_2, nicolae_vaults_little_squares_4,
          vaults_room_hallway, grunt_vaults_focal, layout_vaults_omnicross
Vaults:2: nicolae_vaults_network_barrier, vaults_room_fancy_cross,
          st_hourglassy, nicolae_vaults_network_star, v_misc_4,
          hangedman_vaults_maws, nicolae_vaults_alarming, vaults_dpeg_cross,
          layout_vaults_chaotic_city, serial_shops, nicolae_shop_waterfront,
          nicolae_shop_window_shopping, uniq_sojobo
Vaults:3: ontoclasm_vaults_gateway, ontoclasm_vaults_hangar,
          layout_vaults_omnigrid, uniq_margery
Vaults:4: grunt_vaults_bifocal, hangedman_vaults_stream,
          nicolae_vaults_network_periphery, nicolae_vaults_inception_corners,
          hangedman_vaults_locks, hangedman_vaults_river_flow,
          ontoclasm_vaults_shuriken, hangedman_vaults_maws, vaults_room_pools,
          ontoclasm_vaults_ring_square, st_check, vaults_room_fancy_cross,
          v_misc_17, layout_vaults_omnibox, basic_altar
Vaults:5: serial_shops
Crypt:1:  layout_gridlike, gammafunk_ghost_mausoleum, grunt_megastairs_3,
          uniq_khufu
Crypt:2:  layout_chaotic_city
Crypt:3:  church_of_pain_bobbens, layout_chaotic_city, tomb_entry_shell_bobbens,
          gammafunk_ghost_necromancy, uniq_xtahua

Skill      XL: |  1  2  3  4  5  6  7  8  9 10 11 12 13 14 15 16 17 18 19 20 21 22 23 24 |
---------------+-------------------------------------------------------------------------+-----
Long Blades    | 2 3 4 5 6 7 10 11 14 | 14.0
Armour         | 3 4 5 6 7 8 10 13 16 | 16.0
Fighting       | 4 5 6 7 8 10 12 14 19 20 | 20.0
Shields        | 3 4 5 6 7 9 11 14 | 14.1
Dodging        | 3 5 10 11 13 | 13.4
Invocations    | 8 10 14 15 | 15.3
Throwing       | 3 7 12 14 15 17 | 17.7
Evocations     | 4 |  4.1

Action                   |  1- 3 |  4- 6 |  7- 9 | 10-12 | 13-15 | 16-18 | 19-21 | 22-24 || total
-------------------------+-------+-------+-------+-------+-------+-------+-------+-------++-------
Melee: Long sword        |   104 |   161 |    30 |       |       |       |       |       ||   295
       Kick              |    18 |    41 |    91 |   160 |   391 |   634 |   297 |   201 ||  1833
       Knife             |       |       |   319 |       |       |       |       |       ||   319
       Scimitar          |       |       |   142 |   641 |  1145 |  1740 |   212 |       ||  3880
       Eudemon blade     |       |       |       |       |       |       |   798 |   592 ||  1390
 Fire: Hunting sling     |     9 |    22 |    16 |     6 |       |       |       |       ||    53
Throw: Dart              |       |       |     1 |     7 |   188 |       |       |     2 ||   198
       Throwing net      |       |       |       |     1 |    15 |     4 |       |       ||    20
       Boomerang         |       |       |       |     8 |    38 |   242 |   218 |   163 ||   669
       Javelin           |       |       |       |     2 |    35 |    85 |   291 |   150 ||   563
Invok: Divine Protection |       |       |     1 |       |       |       |       |       ||     1
       Lesser Healing    |       |       |       |    18 |    92 |    85 |       |       ||   195
       Heal Other        |       |       |       |     9 |    20 |    10 |     1 |       ||    40
       Purification      |       |       |       |     3 |    13 |    10 |     1 |       ||    27
       Greater Healing   |       |       |       |       |     5 |     7 |       |       ||    12
       Cleansing Flame   |       |       |       |       |       |       |    19 |    23 ||    42
       Divine Shield     |       |       |       |       |       |       |     9 |     8 ||    17
       Brand Weapon With |       |       |       |       |       |       |     1 |       ||     1
 Abil: Evoke Invisibilit |       |       |       |       |     2 |     3 |     1 |       ||     6
Evoke: Wand              |       |     2 |     3 |    19 |    30 |    28 |       |     4 ||    86
       Lightning rod     |       |       |       |       |     9 |    10 |       |       ||    19
       Box of beasts     |       |       |       |       |     1 |       |       |       ||     1
       Phantom mirror    |       |       |       |       |     1 |       |       |     1 ||     2
       Tin of tremorston |       |       |       |       |       |       |       |     1 ||     1
  Use: Scroll            |     4 |     7 |    13 |     8 |     5 |    21 |     7 |    10 ||    75
       Potion            |       |     5 |     2 |     6 |     5 |    12 |       |     6 ||    36
 Stab: Held in net/web   |       |       |       |       |     4 |     4 |       |       ||     8
       Invisible         |       |       |       |       |     5 |     6 |       |       ||    11
       Paralysed         |       |       |       |       |       |     3 |       |       ||     3
  Eat: Chunk             |       |     7 |     8 |    16 |    37 |    36 |     6 |    13 ||   123
       Ration            |       |       |     1 |     2 |     5 |     7 |     6 |     1 ||    22
Armor: Scale mail        |    64 |    83 |     6 |       |       |    10 |       |       ||   163
       Ring mail         |       |       |    27 |       |       |       |       |       ||    27
       Plate armour      |       |       |   123 |   312 |   673 |   499 |   188 |   132 ||  1927
       Skin              |       |       |       |     5 |       |       |       |       ||     5
Dodge: Dodged            |    27 |    42 |   170 |   243 |   527 |   471 |   144 |   117 ||  1741
       Deflected         |       |       |       |       |       |    46 |    25 |    20 ||    91
Block: Kite shield       |    57 |    62 |   191 |   360 |   765 |   658 |       |       ||  2093
       Tower shield      |       |       |       |       |       |   545 |   896 |   570 ||  2011
       Reflection        |       |       |       |       |       |   104 |     2 |       ||   106
       Rpst.: Long sword |     7 |    11 |       |       |       |       |       |       ||    18
       Scimitar          |       |       |    18 |    71 |   102 |   104 |     9 |       ||   304
       Eudemon blade     |       |       |       |       |       |       |    21 |    17 ||    38

Table legend:
 A = Non-vault XP
 B = Vault XP
 C = Vault XP percentage of total XP
 D = Non-vault monster count
 E = Vault monster count
 F = Vault count percentage of total count
                 A         B        C        D         E       F
            +---------+---------+-------+---------+---------+-------
      Total |  456133 |  579120 |  55.9 |    1255 |     828 |  39.8
            +---------+---------+-------+---------+---------+-------
        D:1 |      43 |       0 |   0.0 |      25 |       0 |   0.0
        D:2 |      87 |       0 |   0.0 |      29 |       0 |   0.0
        D:3 |     219 |      38 |  14.8 |      31 |       2 |   6.1
        D:4 |     447 |       3 |   0.7 |      23 |       1 |   4.2
        D:5 |     388 |       0 |   0.0 |      17 |       0 |   0.0
        D:6 |     715 |      62 |   8.0 |      16 |       8 |  33.3
        D:7 |     813 |     121 |  13.0 |      17 |       1 |   5.6
        D:8 |    1485 |       0 |   0.0 |      17 |       0 |   0.0
        D:9 |    2974 |     975 |  24.7 |      36 |       5 |  12.2
       D:10 |    1918 |       0 |   0.0 |      36 |       0 |   0.0
       D:11 |    5568 |       0 |   0.0 |      50 |       0 |   0.0
       D:12 |    9837 |    2103 |  17.6 |      43 |       6 |  12.2
       D:13 |    5572 |       0 |   0.0 |      42 |       0 |   0.0
       D:14 |    6380 |    2777 |  30.3 |      13 |       4 |  23.5
       D:15 |    1693 |       0 |   0.0 |       4 |       0 |   0.0
     Lair:1 |    1586 |    1002 |  38.7 |       4 |       1 |  20.0
     Lair:2 |    2693 |    4213 |  61.0 |      10 |      35 |  77.8
     Lair:3 |    2748 |    1997 |  42.1 |      14 |       8 |  36.4
     Lair:4 |    2708 |    2865 |  51.4 |      11 |      15 |  57.7
     Lair:5 |    3979 |       0 |   0.0 |      12 |       0 |   0.0
     Lair:6 |    6019 |   13831 |  69.7 |      22 |      35 |  61.4
   Shoals:1 |   14230 |    1705 |  10.7 |      29 |       1 |   3.3
   Shoals:2 |   10424 |    4430 |  29.8 |      24 |       5 |  17.2
   Shoals:3 |   11002 |   21727 |  66.4 |      22 |      10 |  31.2
   Shoals:4 |   20174 |   23052 |  53.3 |      44 |      30 |  40.5
   Spider:1 |   15792 |       0 |   0.0 |      50 |       0 |   0.0
   Spider:2 |   13351 |       0 |   0.0 |      41 |       0 |   0.0
   Spider:3 |   10362 |       0 |   0.0 |      29 |       0 |   0.0
   Spider:4 |   14755 |   28325 |  65.7 |      37 |      52 |  58.4
    Slime:1 |    4716 |       0 |   0.0 |      14 |       0 |   0.0
      Orc:1 |    5085 |       0 |   0.0 |      42 |       0 |   0.0
      Orc:2 |    1047 |   16281 |  94.0 |      13 |      63 |  82.9
      Elf:1 |   13665 |   17320 |  55.9 |      20 |      35 |  63.6
      Elf:2 |   17917 |   24331 |  57.6 |      30 |      31 |  50.8
      Elf:3 |   24461 |   56837 |  69.9 |      39 |      39 |  50.0
   Vaults:1 |   19227 |   18429 |  48.9 |      34 |      28 |  45.2
   Vaults:2 |    8886 |   36480 |  80.4 |      16 |      39 |  70.9
   Vaults:3 |   27223 |    9679 |  26.2 |      49 |       7 |  12.5
   Vaults:4 |   31622 |   39611 |  55.6 |      43 |      52 |  54.7
   Vaults:5 |   47519 |  152667 |  76.3 |      74 |      95 |  56.2
    Crypt:1 |   44605 |   17297 |  27.9 |      67 |       8 |  10.7
    Crypt:2 |   24971 |       0 |   0.0 |      43 |       0 |   0.0
    Crypt:3 |   17227 |   64731 |  79.0 |      23 |      95 |  80.5
      Sewer |       0 |     350 | 100.0 |       0 |      54 | 100.0
    Ossuary |       0 |     964 | 100.0 |       0 |      31 | 100.0
     Bailey |       0 |    6054 | 100.0 |       0 |      10 | 100.0
      IceCv |       0 |    8863 | 100.0 |       0 |      22 | 100.0
            +---------+---------+-------+---------+---------+-------
